AoeStats
← Lic. VELEZ Y VINO

Black Forest

509530913Analyzed
4v4 RM · 6d ago on Sep 27, 2026· 37m 4s· 8 players
Game mode
Random Map
Map size
Large (8 player)
Population
200
Speed
Normal
Resources
Standard
Victory
Conquest
Starting age
Dark Age
Ending age
Imperial Age
RankedLock teamsTeams togetherTeam positionsShared explorationLock speedFull tech treeHidden civsTurbo modeCheats
Victory
Defeat
🇨🇱 Burgundians · Chile
1844
+9
🇨🇱 Khmer · Chile
1830
+10
🇨🇱 Bulgarians · Chile
1723
+14
🇨🇱 Koreans · Chile
1593
+18
🇦🇷 Goths · Argentina
1732
-15
🇦🇷 Armenians · Argentina
1710
-14
🇺🇸 Bengalis · United States
1687
-13
🇦🇷 Japanese · Argentina
1581
-9
MUERE CACA
1:28 Loom
11:26 Feudal Age
11:45 Man-at-Arms
16:01 Double-Bit Axe
23:15 Castle Age
22:41 Horse Collar
25:02 Bow Saw
28:48 Fletching
30:58 Bodkin Arrow
36:03 Imperial Age
Lic. VELEZ Y VINO
1:12 Loom
12:51 Feudal Age
16:38 Castle Age
14:25 Double-Bit Axe
16:12 Fishing Lines
17:32 Bow Saw
21:55 Gillnets
23:33 Wheelbarrow
25:16 Horse Collar
27:17 Heavy Plow
27:35 Hand Cart
31:32 Imperial Age
29:39 Padded Archer Armor
29:29 Fletching
30:39 Leather Archer Armor
31:13 Gold Mining
31:13 Stone Mining
31:50 Scale Mail Armor
32:12 Squires
33:16 Chemistry
33:08 Conscription
33:30 Coinage
37:17 Ring Archer Armor
Kant be real
11:16 Feudal Age
15:28 Castle Age
16:07 Fishing Lines
16:17 Double-Bit Axe
16:41 Town Watch
22:07 Horse Collar
30:03 Wheelbarrow
32:25 Imperial Age
29:42 Loom
30:01 Scale Mail Armor
30:11 Forging
29:55 Guard Tower
29:57 Stone Mining
29:59 Gold Mining
30:53 Pikeman
31:34 Squires
31:50 Chain Mail Armor
32:10 Iron Casting
34:05 Keep
33:21 Fletching
34:33 Chemistry
32:58 Halberdier
33:58 Bow Saw
33:49 Heavy Plow
35:52 Gold Shaft Mining
35:57 Arson
_LZ_
2:32 Loom
11:54 Feudal Age
15:28 Fletching
17:39 Castle Age
15:48 Double-Bit Axe
21:02 Bow Saw
21:25 Horse Collar
27:58 Heavy Plow
29:42 Wheelbarrow
29:17 Stone Mining
33:54 Imperial Age
34:13 Bodkin Arrow
34:57 Bracer
36:54 Ballistics
HR 2666
0:36 Loom
11:04 Feudal Age
11:54 Double-Bit Axe
16:07 Fletching
23:51 Castle Age
22:06 Horse Collar
24:41 Bodkin Arrow
24:58 Bow Saw
25:25 Guard Tower
27:37 Wheelbarrow
28:11 Crossbowman
32:23 Heavy Plow
37:24 Imperial Age
35:17 Gold Mining
36:51 Town Watch
HR | Darkjosh89
3:51 Loom
10:20 Feudal Age
10:48 Double-Bit Axe
11:45 Man-at-Arms
16:11 Fletching
26:34 Castle Age
27:27 Bodkin Arrow
30:55 Bow Saw
36:54 Wheelbarrow
36:10 Treadmill Crane
37:01 Ballistics
39:24 Imperial Age
37:33 Wheelbarrow
36:44 Town Watch
HR itu
3:34 Double-Bit Axe
5:17 Loom
11:38 Feudal Age
15:13 Castle Age
14:24 Bow Saw
21:07 Horse Collar
21:49 Heavy Plow
23:45 Wheelbarrow
23:32 Fishing Lines
26:00 Hand Cart
27:22 Gillnets
30:04 Imperial Age
28:57 Two-Man Saw
29:10 Scale Barding Armor
29:19 Gold Mining
29:54 Chain Barding Armor
30:50 Gold Shaft Mining
30:06 Cavalier
31:54 Chemistry
31:45 Plate Barding Armor
31:46 Husbandry
31:59 Forging
31:35 Paladin
33:13 Iron Casting
35:46 Blast Furnace
35:14 Fletching
35:27 Padded Archer Armor
35:49 Ballistics
HR RYGE
7:24 Loom
12:09 Feudal Age
15:37 Castle Age
13:34 Double-Bit Axe
22:34 Fishing Lines
23:53 Horse Collar
24:58 Bow Saw
25:28 Wheelbarrow
25:04 Gillnets
26:08 Scale Barding Armor
26:13 Forging
31:59 Imperial Age
30:36 Chain Barding Armor
30:18 Husbandry
30:36 Gold Mining
31:00 Forging
31:12 Fletching
31:57 Iron Casting
32:07 Elite Konnik
33:08 Conscription
33:29 Plate Barding Armor
33:07 Bloodlines
34:28 Hand Cart
33:59 Town Watch
35:15 Blast Furnace
34:55 Scale Mail Armor
Connection lost

Rejoining the realm…

Still unreachable

The connection could not be restored.

Session expired

The server has moved on; the page needs a fresh start.